AoeStats
← cicakmasta

Arabia

507493215Analyzed
2v2 RM · 15d ago on Sep 18, 2026· 43m 25s· 4 players
Game mode
Random Map
Map size
Medium (4 player)
Population
200
Speed
Normal
Resources
Standard
Victory
Conquest
Starting age
Dark Age
Ending age
Imperial Age
RankedLock teamsTeams togetherTeam positionsShared explorationLock speedFull tech treeHidden civsTurbo modeCheats
Victory
Defeat
🇪🇸 Britons · Spain
863
+3
🇪🇸 Bohemians · Spain
784
+3
🇵🇱 Bohemians · Poland
494
-4
🇮🇩 Sicilians · Indonesia
376
-2
cicakmasta
8:45 Feudal Age
16:53 Wheelbarrow
16:07 Town Watch
16:31 Horse Collar
18:58 Stone Mining
tchodor16
12:31 Feudal Age
12:58 Double-Bit Axe
12:56 Horse Collar
14:14 Wheelbarrow
22:25 Castle Age
23:38 Bow Saw
23:30 Heavy Plow
24:11 Hand Cart
24:26 Pikeman
25:15 Scale Mail Armor
25:27 Forging
29:11 Imperial Age
40:02 Halberdier
CES
1:12 Loom
12:39 Feudal Age
13:06 Double-Bit Axe
13:04 Horse Collar
21:24 Castle Age
20:58 Scale Mail Armor
22:32 Heavy Plow
22:45 Bow Saw
28:44 Wheelbarrow
29:10 Town Watch
31:13 Pikeman
31:57 Squires
33:59 Husbandry
36:32 Hand Cart
37:29 Chemistry
36:12 Treadmill Crane
36:46 Masonry
39:42 Chain Mail Armor
39:38 Forging
39:34 Scale Barding Armor
39:29 Padded Archer Armor
39:29 Light Cavalry
40:59 Ballistics
40:48 Town Patrol
mmpkitos
0:44 Loom
10:47 Feudal Age
11:22 Double-Bit Axe
12:13 Wheelbarrow
15:26 Horse Collar
23:52 Castle Age
22:05 Fletching
22:19 Padded Archer Armor
24:54 Gold Mining
24:54 Stone Mining
26:02 Bow Saw
25:37 Crossbowman
26:55 Hand Cart
28:45 Gold Shaft Mining
30:01 Fervor
30:01 Heavy Plow
29:49 Treadmill Crane
35:18 Imperial Age
36:18 Ballistics
35:50 Elite Longbowman
36:28 Bodkin Arrow
36:49 Leather Archer Armor
39:55 Yeomen
40:02 Capped Ram
42:15 Two-Man Saw
42:21 Siege Engineers
43:18 Chemistry
42:24 Bracer
42:54 Ring Archer Armor
Connection lost

Rejoining the realm…

Still unreachable

The connection could not be restored.

Session expired

The server has moved on; the page needs a fresh start.